 Dungeon Crawl Stone Soup version 0.25-a0-290-g4a1327ee3a (webtiles) character file.

Game seed: 12120848633516783950, levelgen mode: deterministic

293 Lanoc the Twirler (level 5, -5/45 HPs)
             Began as a Demigod Gladiator on Dec 13, 2019.
             Slain by a gnoll
             ... wielding a +0 halberd
              (13 damage)
             ... on level 4 of the Dungeon.
             The game lasted 00:03:25 (2830 turns).

Lanoc the Twirler (Demigod Gladiator)               Turns: 2830, Time: 00:03:26

Health: -5/45      AC:  4    Str: 17    XL:     5   Next: 84%
Magic:  7/7        EV: 14    Int: 12    God:
Gold:   160        SH:  0    Dex: 19    Spells: 4/4 levels left

rFire    . . .     SeeInvis .   a - +0 quarterstaff
rCold    . . .     Gourm    .   (shield currently unavailable)
rNeg     . . .     Faith    .   b - +0 leather armour
rPois    .         Spirit   .   c - +0 helmet
rElec    .         Reflect  .   (no cloak)
rCorr    .         Harm     .   (no gloves)
MR       .....                  (no boots)
Stlth    +.........             (no amulet)
HPRegen  0.15/turn              (no ring)
MPRegen  0.10/turn              (no ring)

@: no status effects
A: high mp 1
a: no special abilities


You were on level 4 of the Dungeon.
You were very hungry.

You visited 1 branch of the dungeon, and saw 4 of its levels.

You collected 160 gold pieces.

Inventory:

Hand Weapons
 a - a +0 quarterstaff (weapon)
Missiles
 d - 3 throwing nets (quivered)
Armour
 b - a +0 leather armour (worn)
 c - a +0 helmet (worn)
 g - a +0 pair of gloves
Wands
 q - a wand of disintegration (20)
Scrolls
 h - 2 scrolls of fear {unknown}
 i - 2 scrolls of blinking {unknown}
 j - 8 scrolls of identify {unknown}
 k - 2 scrolls of noise {unknown}
 n - a scroll of teleportation {unknown}
 o - 2 scrolls of remove curse {unknown}
 p - 2 scrolls of amnesia {unknown}
 s - a scroll of magic mapping {unknown}
Potions
 e - a potion of ambrosia {unknown}
 l - 2 potions of agility {unknown}
 m - a potion of heal wounds {unknown}
 r - a potion of lignification {unknown}
Comestibles
 f - 7 rations


   Skills:
 + Level 3.2 Fighting
 * Level 4.8 Staves
 - Level 1.7 Throwing
 + Level 3.8 Dodging


You had 4 spell levels left.
You didn't know any spells.
Your spell library was empty.

Dungeon Overview and Level Annotations

Branches:
Dungeon (4/15)
 Temple: D:4-7


Innate Abilities, Weirdness & Mutations

You have an increased reservoir of magic. (+10% MP)


Message History

You hit the ogre.
The ogre is heavily wounded.
The ogre misses you. The gnoll hits you with a +0 halberd!
* * * LOW HITPOINT WARNING * * *
You barely miss the ogre.
The ogre is heavily wounded.
The ogre closely misses you. The gnoll closely misses you.
You hit the ogre.
The ogre is severely wounded.
The ogre barely misses you. The gnoll closely misses you.
You sock the ogre!
You kill the ogre!
The gnoll completely misses you.
You sock the gnoll!
The gnoll is severely wounded.
The gnoll closely misses you.
You barely miss the gnoll.
The gnoll is severely wounded.
The gnoll hits you with a +0 halberd!
You die...

######## #......#
####.###.# #######
#........#
.......###.##.##..#
.......).......#..#
......g@...#..<#..#
......g####.......#
.......
#.....#.####
.......
#.###.#....#
....!.. +.#
#.#.##.# .......
### #.#..#.#
....... #.####.#
#...... #......#
########


You could see 2 gnolls.

Vanquished Creatures
  An ogre (D:4)
  An orc priest (D:3)
  3 gnolls
  A howler monkey skeleton (D:4)
  5 adders
  An ooze (D:1)
  A worm (D:2)
  A dart slug (D:1)
  4 leopard geckos
  2 orcs (D:3)
  4 bats
  2 giant cockroaches
  13 goblins
  18 hobgoblins
  3 jackals (D:1)
  3 quokkas
  6 frilled lizards
  A jackal skeleton (D:4)
  5 kobolds
  9 rats
84 creatures vanquished.

Notes
Turn   | Place    | Note
-------+----------+-------------------------------------------
     0 | D:1      | Lanoc the Demigod Gladiator began the quest for the Orb.
     0 | D:1      | Reached XP level 1. HP: 17/17 MP: 3/3
   236 | D:1      | Reached skill level 3 in Staves
   251 | D:1      | Reached XP level 2. HP: 24/24 MP: 4/4
   690 | D:1      | Reached XP level 3. HP: 27/29 MP: 5/5
  1311 | D:2      | Reached XP level 4. HP: 26/37 MP: 6/6
  1583 | D:2      | Found a glowing golden altar of the Shining One.
  1620 | D:2      | Reached skill level 4 in Staves
  1642 | D:3      | Found a shattered altar of Ashenzari.
  1646 | D:3      | Found an iron altar of Okawaru.
  1766 | D:3      | Found a radiant altar of Vehumet.
  2108 | D:3      | Reached XP level 5. HP: 39/44 MP: 7/7
  2816 | D:4      | Noticed an ogre
  2828 | D:4      | Killed an ogre
  2830 | D:4      | Slain by a gnoll

Levels and vault maps discovered:
D:1:      saegor_arrival_simple_e, layout_basic
D:2:      layout_loops_ring, nicolae_tso_carved_into_rock, marbit_many_paths,
          serial_park_tiny_2
D:3:      layout_basic, okawaru_trees_1, ashenzari_conservatory_becter,
          lemuel_doored_altar, minmay_misc_feat_tower, minmay_close_crescents
D:4:      layout_basic, lemuel_round_altar, ebering_ghost_sewer_d, serial_shops,
          nicolae_shop_trees, nicolae_qazlal_eye_of_the_storm, uniq_ijyb

Skill      XL: |  1  2  3  4  5 |
---------------+----------------+-----
Fighting       | 2 3 |  3.2
Staves         | 3 4 |  4.8
Dodging        | 3 |  3.8
Throwing       | |  1.7

Action                   |  1- 3 |  4- 6 || total
-------------------------+-------+-------++-------
Melee: Quarterstaff      |   117 |   137 ||   254
 Stab: Distracted        |       |     1 ||     1
  Eat: Chunk             |     1 |     4 ||     5
Armor: Leather armour    |    28 |    30 ||    58
Dodge: Dodged            |   102 |   132 ||   234

Table legend:
 A = Non-vault XP
 B = Vault XP
 C = Vault XP percentage of total XP
 D = Non-vault monster count
 E = Vault monster count
 F = Vault count percentage of total count
                 A         B        C        D         E       F
            +---------+---------+-------+---------+---------+-------
      Total |     413 |       6 |   1.4 |      80 |       4 |   4.8
            +---------+---------+-------+---------+---------+-------
        D:1 |      79 |       0 |   0.0 |      33 |       0 |   0.0
        D:2 |      78 |       0 |   0.0 |      23 |       0 |   0.0
        D:3 |      94 |       6 |   6.0 |      19 |       4 |  17.4
        D:4 |     162 |       0 |   0.0 |       5 |       0 |   0.0
            +---------+---------+-------+---------+---------+-------
